 Dungeon Crawl Stone Soup version 0.28.0-53-g5a82cb258f (webtiles) character file.

Game seed: 2394356775689724283

188 DocClef the Cutter (level 5, 0/38 HPs)
             Began as a Demonspawn Gladiator on July 6, 2022.
             Slain by an orc
             ... wielding a +0 dagger
              (2 damage)
             ... on level 3 of the Dungeon.
             The game lasted 00:03:04 (2831 turns).

DocClef the Cutter (Demonspawn Gladiator)           Turns: 2831, Time: 00:03:06

Health: 0/38       AC: 16    Str: 14    XL:     5   Next: 39%
Magic:  5/5        EV:  7    Int:  9    God:
Gold:   176        SH:  0    Dex: 19    Spells: 4/4 levels left

rFire   . . .      SeeInvis .   g - +0 short sword (venom)
rCold   + . .      Faith    .   (no shield)
rNeg    . . .      Spirit   .   n - +0 chain mail of the Fiend {rC+ Regen+ Str-2 Dex+4}
rPois   .          Reflect  .   c - +0 helmet
rElec   .          Harm     .   j - +0 cloak
rCorr   .          Rampage  .   (no gloves)
Will    .....                   (no boots)
Stlth   ..........              (no amulet)
HPRegen 0.92/turn               l - +4 ring of protection
MPRegen 0.09/turn               (no ring)

@: lethally poisoned (0 -> -2)
A: claws 1, yellow scales 1, icemail 1, condensation shield
a: no special abilities


You were on level 3 of the Dungeon.
You visited 1 branch of the dungeon, and saw 3 of its levels.

You collected 176 gold pieces.

Inventory:

Hand Weapons
 g - a +0 short sword of venom (weapon)
Missiles
 d - 3 throwing nets (quivered)
Armour
 a - a +0 scale mail
 b - a +0 leather armour
 c - a +0 helmet (worn)
 j - a +0 cloak (worn)
 n - the +0 chain mail of the Fiend (worn) {rC+ Regen+ Str-2 Dex+4}
   (You found it on level 3 of the Dungeon)

   Str:       It affects your strength (-2).
   Dex:       It affects your dexterity (+4).
   rC:        It protects you from cold.
   Regen:     It increases your rate of health regeneration.
Jewellery
 l - a +4 ring of protection (left claw)
Scrolls
 f - a scroll of identify {unknown}
 i - a scroll of magic mapping {unknown}
Potions
 h - a potion of lignification {unknown}
 k - a potion of berserk rage {unknown}
 m - 2 potions of flight {unknown}


   Skills:
 - Level 2.0 Fighting
 + Level 4.3 Short Blades
 - Level 3.3 Axes
 - Level 1.7 Throwing
 - Level 2.6 Dodging


You had 4 spell levels left.
You didn't know any spells.
Your spell library contained the following spells:

 Spells                   Type           Power      Damage    Failure   Level
 Sting                    Tmut/Pois      0%         1d3       100%        1
 Poisonous Vapours        Pois/Air       0%         N/A       100%        2
 Frozen Ramparts          Ice            0%         1d2       100%        3
 Ice Form                 Ice/Tmut       0%         N/A       100%        4
 Olgreb's Toxic Radiance  Pois           0%         N/A       100%        4
 Passage of Golubria      Tloc           0%         N/A       100%        4
 Summon Ice Beast         Ice/Summ       0%         N/A       100%        4
 Silence                  Hex/Air        0%         N/A       100%        5
 Lehudib's Crystal Spear  Conj/Erth      0%         10d2      100%        8


Dungeon Overview and Level Annotations

Branches:
Dungeon (3/15)

Altars:
Okawaru
Ru
Wu Jian
Xom
The Shining One

Shops:
D:1 =


Innate Abilities, Weirdness & Mutations

You have sharp fingernails.
You are partially covered in yellow scales. (AC +2)
A meltable icy envelope protects you from harm. (AC +0)
A meltable shield of frost defends you. (SH +0)


Message History

Unknown command.
You are too injured to fight recklessly!
You barely miss the orc.
You feel sick. The orc wizard closely misses you.
The orc hits you but does no damage. The orc closely misses you.
You closely miss the orc.
You feel sick.
The orc wizard hits you with a +0 dagger of venom.
The orc hits you but does no damage. The orc barely misses you.
You hit the orc.
The orc is poisoned.
The orc is lightly wounded.
You feel sick.
The orc wizard points at you and mumbles some strange words.
You are confused.
The orc closely misses you. x2
Unknown command.
You bump into the rock wall.
You feel sick.
The orc wizard hits you but does no damage.
You are more poisoned.
The orc barely misses you. The orc hits you but does no damage.
Unknown command.
You closely miss the orc.
The orc is moderately wounded.
You feel very sick. The orc wizard closely misses you.
The orc hits you with a +0 whip.
You bump into the rock wall.
You feel very sick.
You kill the orc wizard!
The orc hits you but does no damage. The orc hits you with a +0 whip.
* * * LOW HITPOINT WARNING * * *
You hit the orc.
The orc is severely wounded.
You feel sick. The orc barely misses you. The orc hits you with a +0 whip.
* * * LOW HITPOINT WARNING * * *
Unknown command.
It was a potion of cancellation.
Your magical effects are unravelling.
You feel magically purged.
You feel less confused.
* * * LOW HITPOINT WARNING * * *
You feel sick. The orc hits you with a +0 dagger.
You die...

#######.. ........
#.#.##.. ##.#.##.#
#.#.###.#..##.###.#
#.#.#..###..o.....##.
#.#.#.#.#.o##.##.....
#.#.#.##..)@o........
#.#.#.#######..#.###
##.#.#.# #..# #
#....#.#######.o..
#.................#
#....#.########.###
####.#.# .# #.#.# .#
#.#.# .#


You could see 2 orcs.

Vanquished Creatures
  Natasha (D:3)
  2 orc wizards (D:3)
  4 adders
  2 worms (D:2)
  A dart slug (D:2)
  2 orcs (D:3)
  8 endoplasms
  5 hobgoblins
  4 jackals (D:1)
  8 kobolds
  3 quokkas
  5 ball pythons
  6 bats
  4 frilled lizards
  4 goblins
  12 rats
71 creatures vanquished.

Notes
Turn   | Place    | Note
-------+----------+-------------------------------------------
     0 | D:1      | DocClef the Demonspawn Gladiator began the quest for the
                  | Orb.
     0 | D:1      | Reached XP level 1. HP: 16/16 MP: 1/1
   390 | D:1      | Gained mutation: A meltable shield of frost defends you.
                  | (SH +0) [demonic ancestry]
   390 | D:1      | Reached XP level 2. HP: 22/22 MP: 2/2
   490 | D:1      | Found Nuigafov's Jewellery Shop.
   651 | D:1      | Reached skill level 1 in Short Blades
   820 | D:1      | Gained mutation: You have sharp fingernails. [demonic
                  | ancestry]
   820 | D:1      | Reached XP level 3. HP: 12/27 MP: 3/3
  1187 | D:1      | Reached skill level 2 in Short Blades
  1844 | D:2      | Gained mutation: You are partially covered in yellow
                  | scales. (AC +2) [demonic ancestry]
  1844 | D:2      | Reached XP level 4. HP: 33/33 MP: 4/4
  2057 | D:2      | Reached skill level 3 in Short Blades
  2194 | D:2      | Found a faded altar of an unknown god.
  2593 | D:3      | Noticed Natasha
  2602 | D:3      | Killed Natasha
  2679 | D:3      | Identified the +0 chain mail of the Fiend {rC+ Regen+ Str-2
                  | Dex+4}
  2720 | D:3      | Found a sacrificial altar of Ru.
  2720 | D:3      | Found an ornate altar of the Wu Jian Council.
  2730 | D:3      | Found a shimmering altar of Xom.
  2732 | D:3      | Found an iron altar of Okawaru.
  2799 | D:3      | Gained mutation: A meltable icy envelope protects you from
                  | harm. (AC +0) [demonic ancestry]
  2799 | D:3      | Reached XP level 5. HP: 38/38 MP: 5/5
  2804 | D:3      | Reached skill level 4 in Short Blades
  2831 | D:3      | Slain by an orc

Illustrated notes

Levels and vault maps discovered:
D:1:      dpeg_arrival_windows_large_door, layout_basic, serial_shops, shop
D:2:      layout_basic, chequers_ecumenical_altar_simple
D:3:      layout_loops_ring, chequers_temple_overflow_minitemple, uniq_natasha

Skill      XL: |  1  2  3  4  5 |
---------------+----------------+-----
Axes           | 3 |  3.3
Short Blades   | 1 2 3 4 |  4.3
Fighting       | |  2.0
Throwing       | |  1.7
Dodging        | |  2.6

Action                   |  1- 3 |  4- 6 || total
-------------------------+-------+-------++-------
Melee: War axe           |    21 |       ||    21
       Short sword       |   109 |    78 ||   187
       Punch             |       |     2 ||     2
  Use: Potion            |       |     1 ||     1
Armor: Leather armour    |     5 |       ||     5
       Scale mail        |    40 |    17 ||    57
       Chain mail        |       |    42 ||    42
Dodge: Dodged            |    66 |    28 ||    94
Block: Other             |    13 |     5 ||    18
